 Dungeon Crawl Stone Soup version 0.27.1-33-g824d729ab1 (webtiles) character file.

Game seed: 16009631562673953211

57 alasdair19 the Shield-Bearer (level 3, 0/32 (33) HPs)
             Began as a Minotaur Fighter on Nov 25, 2021.
             Slain by Crazy Yiuf (6 damage)
             ... on level 2 of the Dungeon.
             The game lasted 00:03:15 (1815 turns).

alasdair19 the Shield-Bearer (Minotaur Fighter)     Turns: 1815, Time: 00:03:16

HP:   0/32 (33)     AC:  7    Str: 20    XL:     3   Next: 73%
MP:   0/2           EV:  7    Int:  6    God:
Gold: 84            SH:  9    Dex:  9    Spells: 2/2 levels left

rFire    . . .     SeeInvis .   a - +0 war axe
rCold    . . .     Faith    .   c - +0 kite shield
rNeg     . . .     Spirit   +   b - +0 scale mail
rPois    .         Reflect  .   (helmet restricted)
rElec    .         Harm     .   (no cloak)
rCorr    .         Rampage  .   (no gloves)
Will     .....                  (no boots)
Stlth    ..........             n - amulet of guardian spirit
HPRegen  0.10/turn              (no ring)
MPRegen  0.08/turn              (no ring)

@: lightly drained
A: horns 2, retaliatory headbutt
a: no special abilities


You were on level 2 of the Dungeon.
You visited 1 branch of the dungeon, and saw 2 of its levels.

You collected 84 gold pieces.

Inventory:

Hand Weapons
 a - a +0 war axe (weapon)
Missiles
 i - 8 boomerangs of dispersal (quivered)
Armour
 b - a +0 scale mail (worn)
 c - a +0 kite shield (worn)
Jewellery
 n - an amulet of guardian spirit (around neck)
Scrolls
 h - 3 scrolls of identify {unknown}
 m - a scroll of blinking {unknown}
Potions
 d - a potion of might
 e - 2 potions of heal wounds {unknown}
 f - a potion of attraction {unknown}
 g - a potion of flight {unknown}
 k - 2 potions of haste {unknown}
 l - a potion of mutation {unknown}


   Skills:
 + Level 4.1 Fighting
 + Level 3.3 Axes
 + Level 4.2 Armour
 + Level 0.5 Dodging
 + Level 4.2 Shields


You had 2 spell levels left.
You didn't know any spells.
Your spell library was empty.

Dungeon Overview and Level Annotations

Branches:
Dungeon (2/15)

Altars:

Annotations:
D:2 Crazy Yiuf


Innate Abilities, Weirdness & Mutations

You have a pair of horns on your head.
You reflexively headbutt those who attack you in melee.


Message History

The adder barely misses you. You block the adder's attack.
You miss the adder. Your headbutt misses the adder.
The adder is almost dead.
The adder bites you but does no damage. x2
You miss the adder.
The adder is almost dead.
You block the adder's attack. The adder bites you.
You hit the adder.
You kill the adder!
You open the door.
Crazy Yiuf says, "Snurf foot hand!"
You barely miss Crazy Yiuf. Your headbutt misses Crazy Yiuf.
You block Crazy Yiuf's attack.
You hit Crazy Yiuf but do no damage. Your headbutt misses Crazy Yiuf.
Crazy Yiuf hits you with a +2 quarterstaff of chaos!
You are lethally poisoned!
Crazy Yiuf hits you with a +2 quarterstaff of chaos!
You hit Crazy Yiuf but do no damage.
* * * LOW HITPOINT WARNING * * *
You feel very sick.
Crazy Yiuf cries, "You leg down broken song, no?"
Crazy Yiuf hits you with a +2 quarterstaff of chaos.
* * * LOW HITPOINT WARNING * * *
You are more poisoned.
You block Crazy Yiuf's attack.
You feel better.
Crazy Yiuf screams, "Scoff seventy high!"
Crazy Yiuf barely misses you. You furiously retaliate!
You headbutt Crazy Yiuf. You hit Crazy Yiuf but do no damage.
Crazy Yiuf is moderately wounded.
Crazy Yiuf hits you with a +2 quarterstaff of chaos.
* * * LOW HITPOINT WARNING * * *
You feel drained.
You slash Crazy Yiuf! Your headbutt misses Crazy Yiuf.
Crazy Yiuf is heavily wounded.
Crazy Yiuf barely misses you. Crazy Yiuf closely misses you.
You hit Crazy Yiuf but do no damage.
Crazy Yiuf is heavily wounded.
Crazy Yiuf hits you with a +2 quarterstaff of chaos!
You die...

###############
#.............#
#.#############
####.# .....#
###### ### ♣♣####
##########
#)..#♣♣ ♣♣....##
.........#
#...g@♣♣♣♣......#
##########
#...#♣..♣.......#
### ♣♣♣.♣....#.#
♣♣♣♣♣##..# #.####
######### #....#
#.......# ####.#
###########.###
#.# #......<.##.#
#.#


You could see Crazy Yiuf.

Vanquished Creatures
  An adder (D:2)
  2 worms (D:2)
  5 ball pythons
  6 endoplasms
  A giant cockroach (D:2)
  5 goblins
  A hobgoblin (D:2)
  4 jackals (D:1)
  2 kobolds (D:1)
  5 bats
  3 frilled lizards
  2 rats
37 creatures vanquished.

Notes
Turn   | Place    | Note
-------+----------+-------------------------------------------
     0 | D:1      | alasdair19 the Minotaur Fighter began the quest for the
                  | Orb.
     0 | D:1      | Reached XP level 1. HP: 19/19 MP: 0/0
   100 | D:1      | Reached XP level 2. HP: 19/27 MP: 1/1
   261 | D:1      | Found a faded altar of an unknown god.
   801 | D:2      | Reached XP level 3. HP: 12/33 MP: 2/2
  1506 | D:2      | Found a runed translucent door.
  1507 | D:2      | Noticed Crazy Yiuf
  1815 | D:2      | Slain by Crazy Yiuf

Illustrated notes

Levels and vault maps discovered:
D:1:      mainiacjoe_arrival_reflecting_pool, layout_rooms,
          ebering_ecumenical_altar_abandoned
D:2:      layout_loops_ring, uniq_crazy_yiuf_cottage

Skill      XL: |  1  2 |
---------------+-------+-----
Fighting       | 4 |  4.1
Armour         | 4 |  4.2
Shields        | 4 |  4.2
Axes           | 3 |  3.3
Dodging        | |  0.5

Action                   || total
-------------------------++-------
Melee: War axe           ||    98
       Headbutt          ||     9
  Use: Potion            ||     2
Armor: Scale mail        ||    41
Dodge: Dodged            ||    31
Block: Kite shield       ||    80
